 Dungeon Crawl Stone Soup version 0.29.0-11-gd7f09526c8 (webtiles) character file.

Game seed: 14918688272109983924

291 greasedhog the Skirmisher (level 6, 0/84 HPs)
             Began as a Gnoll Hunter on Sept 6, 2022.
             Succumbed to a scorpion's poison
             ... on level 4 of the Dungeon.
             The game lasted 00:03:33 (2545 turns).

greasedhog the Skirmisher (Gnoll Hunter)            Turns: 2545, Time: 00:03:34

Health: 0/84       AC: 23    Str: 10 (11) XL:     6   Next: 32%
Magic:  9/9        EV:  2    Int:  7 (8)  God:
Gold:   159        SH:  0    Dex: 15 (17) Spells: 9/9 levels left

rFire   . . .      SeeInvis .   a - +0 shortbow
rCold   . . .      Faith    .   (shield currently unavailable)
rNeg    . . .      Spirit   .   (body armour currently unavailable)
rPois   +          Reflect  .   (helmet currently unavailable)
rElec   .          Harm     .   (cloak currently unavailable)
rCorr   .          Rampage  .   (gloves currently unavailable)
Will    .....      NoTele   +   (boots currently unavailable)
Stlth   ++........              (no amulet)
HPRegen 0.24/turn               (no ring)
MPRegen 0.11/turn               (no ring)

@: lethally poisoned (0 -> -8), tree-form, attractive, hasted, very quick
A: stationary, stasis, torment immunity, boosted hp, (fangs 1), strong nose,
distributed training, (antennae 1), (cold resistance 1), robust 1
a: no special abilities


You were on level 4 of the Dungeon.
You were a tree.
You visited 1 branch of the dungeon, and saw 4 of its levels.

You collected 159 gold pieces.

Inventory:

Hand Weapons
 a - a +0 shortbow (weapon)
 f - a +2 dagger of holy wrath
 o - a +1 antimagic dagger
Armour
 c - a +0 leather armour (melded)
 i - a +2 cloak of preservation (melded)
 m - a +0 helmet (melded)
Wands
 l - a wand of iceblast (16)
Scrolls
 b - a scroll of immolation
 e - 2 scrolls of enchant armour
 j - a scroll of enchant weapon {unknown}
 k - a scroll of teleportation
 p - 2 scrolls of poison {unknown}
 r - a scroll of amnesia {unknown}
Potions
 d - 3 potions of lignification
 n - a potion of degeneration


   Skills:
 + Level 5.0 Fighting
 + Level 2.0 Short Blades
 + Level 2.0 Long Blades
 + Level 2.0 Axes
 + Level 2.0 Maces & Flails
 + Level 2.0 Polearms
 + Level 2.0 Staves
 + Level 8.7 Ranged Weapons
 + Level 2.0 Throwing
 + Level 2.0 Armour
 + Level 5.0 Dodging
 + Level 3.1 Stealth
 + Level 2.0 Shields
 + Level 2.0 Unarmed Combat
 + Level 2.0 Spellcasting
 + Level 1.5 Conjurations
 + Level 1.5 Hexes
 + Level 1.5 Summonings
 + Level 1.5 Necromancy
 + Level 1.5 Translocations
 + Level 1.5 Transmutations
 + Level 1.5 Fire Magic
 + Level 1.5 Ice Magic
 + Level 1.5 Air Magic
 + Level 1.5 Earth Magic
 + Level 1.5 Poison Magic
 + Level 2.2 Invocations
 + Level 2.0 Evocations


You had 9 spell levels left.
You didn't know any spells.
Your spell library contained the following spells:

 Spells                   Type           Power      Damage    Failure   Level
 Tukima's Dance           Hex            2%         N/A       52%         3
 Airstrike                Air            1%         2d(1-17)  89%         4
 Passage of Golubria      Tloc           2%         N/A       89%         4
 Summon Lightning Spire   Summ/Air       2%         N/A       89%         4
 Lightning Bolt           Conj/Air       1%         1d12      99%         5
 Yara's Violent Unravell  Hex/Tmut       1%         3d3       99%         5


Dungeon Overview and Level Annotations

Branches:
Dungeon (4/15)
 Temple: D:4-7

Altars:
Qazlal
Sif Muna


Innate Abilities, Weirdness & Mutations

You are a tree.
Your roots penetrate the ground, keeping you stationary.
You cannot be teleported.
You are immune to unholy pain and torment.
Your maximum health is greatly increased.
Your equipment is partially melded.
((You have very sharp teeth.))
Your uncanny sense of smell can sniff out nearby items.
Your experience applies equally to all skills.
((You have a pair of small antennae on your head.))
((Your flesh is cold resistant. (rC+)))
You are robust. (+10% HP)


Message History

Fire: a) +0 shortbow
Press: ? - help, Q - select action, (/) - cycle Shift-Dir - straight line, f/p - scorpion
Aim: a scorpion (moderately wounded, 65% to hit)
You shoot an arrow.
The arrow hits the scorpion but does no damage.
The scorpion is moderately wounded.
* * * LOW HITPOINT WARNING * * *
You feel very sick.
The scorpion stings you but does no damage.
Really quaff the potion of lignification?
You are stuck in your current form!
Fire: a) +0 shortbow
Press: ? - help, Q - select action, (/) - cycle Shift-Dir - straight line, f/p - scorpion
Aim: a scorpion (moderately wounded, 65% to hit)
You shoot an arrow. The arrow barely misses the scorpion.
* * * LOW HITPOINT WARNING * * *
You feel sick.
The scorpion stings you but does no damage.
Fire: a) +0 shortbow
Press: ? - help, Q - select action, (/) - cycle Shift-Dir - straight line, f/p - scorpion
Aim: a scorpion (moderately wounded, 65% to hit)
You shoot an arrow. The arrow hits the scorpion.
The scorpion is moderately wounded.
* * * LOW HITPOINT WARNING * * *
You feel very sick.
The scorpion stings you but does no damage.
Fire: a) +0 shortbow
Press: ? - help, Q - select action, (/) - cycle Shift-Dir - straight line, f/p - scorpion
Aim: a scorpion (moderately wounded, 65% to hit)
You shoot an arrow. The arrow closely misses the scorpion.
* * * LOW HITPOINT WARNING * * *
You feel sick.
The scorpion stings you but does no damage.
Fire: a) +0 shortbow
Press: ? - help, Q - select action, (/) - cycle Shift-Dir - straight line, f/p - scorpion
Aim: a scorpion (moderately wounded, 65% to hit)
You shoot an arrow.
The arrow hits the scorpion but does no damage.
The scorpion is moderately wounded.
You die...

#PPPPP.############ #..
#P$$$P............# #..
#P$$$P.........##.# #..
#P$$$P.#######.##.# #..
#PPPs...# #.##.# #..
.....s#..# ##.##<###..
##..###..#####..........
... #s........##......
## #♣.....#...######.
#..............>..
#......#...#######
####.#..[###.##
.........####.#
#####.........#
###########


You could see a scorpion.

Vanquished Creatures
  The ghost of freelancePsychic the Shooter, a weakling DgAM (D:3)
  Crazy Yiuf (D:2)
  3 orc wizards (D:3)
  3 gnolls (D:2)
  3 adders
  An ufetubus (D:4)
  A worm (D:3)
  3 dart slugs
  8 orcs (D:3)
  5 ball pythons
  3 bats
  9 endoplasms
  A giant cockroach (D:1)
  A goblin (D:1)
  5 hobgoblins
  6 jackals
  6 kobolds
  2 quokkas
  A frilled lizard (D:1)
  3 rats
66 creatures vanquished.

Vanquished Creatures (others)
  2 fungi (D:4)
  2 toadstools (D:4)
4 creatures vanquished.

Grand Total: 70 creatures vanquished

Notes
Turn   | Place    | Note
-------+----------+-------------------------------------------
     0 | D:1      | greasedhog the Gnoll Hunter began the quest for the Orb.
     0 | D:1      | Reached XP level 1. HP: 20/20 MP: 1/1
    85 | D:1      | Reached XP level 2. HP: 26/26 MP: 2/2
   203 | D:1      | Reached XP level 3. HP: 29/31 MP: 3/3
   488 | D:2      | Reached skill level 1 in Invocations
   712 | D:2      | Reached skill level 1 in Short Blades
   712 | D:2      | Reached skill level 1 in Long Blades
   712 | D:2      | Reached skill level 1 in Axes
   712 | D:2      | Reached skill level 1 in Maces & Flails
   712 | D:2      | Reached skill level 1 in Polearms
   712 | D:2      | Reached skill level 1 in Staves
   712 | D:2      | Reached skill level 1 in Throwing
   712 | D:2      | Reached skill level 1 in Armour
   712 | D:2      | Reached skill level 1 in Shields
   712 | D:2      | Reached skill level 1 in Unarmed Combat
   712 | D:2      | Reached skill level 1 in Spellcasting
   712 | D:2      | Reached skill level 1 in Evocations
   758 | D:2      | Reached XP level 4. HP: 38/38 MP: 5/5
  1067 | D:2      | Found a faded altar of an unknown god.
  1078 | D:2      | Reached skill level 1 in Conjurations
  1078 | D:2      | Reached skill level 1 in Hexes
  1078 | D:2      | Reached skill level 1 in Summonings
  1078 | D:2      | Reached skill level 1 in Necromancy
  1078 | D:2      | Reached skill level 1 in Translocations
  1078 | D:2      | Reached skill level 1 in Transmutations
  1078 | D:2      | Reached skill level 1 in Fire Magic
  1078 | D:2      | Reached skill level 1 in Ice Magic
  1078 | D:2      | Reached skill level 1 in Air Magic
  1078 | D:2      | Reached skill level 1 in Earth Magic
  1078 | D:2      | Reached skill level 1 in Poison Magic
  1260 | D:2      | Found a runed translucent door.
  1261 | D:2      | Noticed Crazy Yiuf
  1266 | D:2      | Killed Crazy Yiuf
  1500 | D:3      | Noticed freelancePsychic's ghost (weakling DgAM)
  1500 | D:3      | Found a runed translucent door.
  1517 | D:3      | Killed freelancePsychic's ghost
  1518 | D:3      | Reached XP level 5. HP: 30/43 MP: 7/7
  1798 | D:3      | Found a stormy altar of Qazlal.
  2051 | D:3      | Found a shimmering blue altar of Sif Muna.
  2067 | D:3      | Reached XP level 6. HP: 50/50 MP: 8/8
  2070 | D:3      | Reached skill level 5 in Fighting
  2070 | D:3      | Reached skill level 5 in Dodging
  2538 | D:4      | Gained mutation: You have a pair of small antennae on your
                  | head. [potion of mutation]
  2538 | D:4      | Gained mutation: Your flesh is cold resistant. (rC+)
                  | [potion of mutation]
  2538 | D:4      | Gained mutation: You are robust. (+10% HP) [potion of
                  | mutation]
  2543 | D:4      | HP: 3/84 [poisoned by a scorpion]
  2544 | D:4      | HP: 1/84 [poisoned by a scorpion]
  2545 | D:4      | Succumbed to a scorpion's poison

Illustrated notes

Levels and vault maps discovered:
D:1:      tarquinn_simple_flora_water_e, layout_rooms
D:2:      layout_loops_ring, shapermc_ecumenical_altar_starsandcircs,
          nicolae_underground_beach, uniq_crazy_yiuf_cottage
D:3:      kennysheep_big_flooded_room, layout_basic, led_sif_book,
          mainiacjoe_overflow_chevrons, gammafunk_ghost_grave
D:4:      layout_loops_ring, enter_ossuary_5, minmay_gold_behind_fungi

Skill      XL: |  1  2  3  4  5  6 |
---------------+-------------------+-----
Invocations    | 1 2 |  2.2
Short Blades   | 1 2 |  2.0
Long Blades    | 1 2 |  2.0
Axes           | 1 2 |  2.0
Maces & Flails | 1 2 |  2.0
Polearms       | 1 2 |  2.0
Staves         | 1 2 |  2.0
Throwing       | 1 2 |  2.0
Armour         | 1 2 |  2.0
Shields        | 1 2 |  2.0
Unarmed Combat | 1 2 |  2.0
Spellcasting   | 1 2 |  2.0
Evocations     | 1 2 |  2.0
Conjurations   | 1 |  1.5
Hexes          | 1 |  1.5
Summonings     | 1 |  1.5
Necromancy     | 1 |  1.5
Translocations | 1 |  1.5
Transmutations | 1 |  1.5
Fire Magic     | 1 |  1.5
Ice Magic      | 1 |  1.5
Air Magic      | 1 |  1.5
Earth Magic    | 1 |  1.5
Poison Magic   | 1 |  1.5
Stealth        | 3 |  3.1
Fighting       | 5 |  5.0
Dodging        | 5 |  5.0
Ranged Weapons | |  8.7

Action                   |  1- 3 |  4- 6 || total
-------------------------+-------+-------++-------
Melee: Shortbow          |       |     1 ||     1
 Fire: Shortbow          |    80 |   122 ||   202
Evoke: Wand              |       |     2 ||     2
  Use: Scroll            |       |     5 ||     5
       Potion            |       |     5 ||     5
Armor: Leather armour    |     6 |    15 ||    21
       Skin              |       |     9 ||     9
Dodge: Dodged            |     8 |    29 ||    37
